 Dungeon Sprint DCSS version 0.19.1-1-g22dce08 (webtiles) character file.

324 Slime the Purveyor of Pain (level 6, -15/32 HPs)
             Began as a Deep Elf Necromancer on Jan 2, 2017.
             Was an Initiate of Kikubaaqudgha.
             Demolished by a slime creature (19 damage)
             ... in the Dungeon (Sprint I: "Red Sonja").
             The game lasted 00:02:16 (497 turns).

Slime the Purveyor of Pain (Deep Elf Necromancer)    Turns: 497, Time: 00:02:17

Health: -15/32     AC:  2    Str:  5    XL:     6   Next: 23%
Magic:  7/12       EV: 13    Int: 22    God:    Kikubaaqudgha [......]
Gold:   308        SH:  0    Dex: 15    Spells: 3 memorised, 3 levels left

rFire  + . .     SeeInvis .     (no weapon)
rCold  x . .     Gourm    .     a - +0 robe
rNeg   . . .     Faith    .     (no shield)
rPois  .         Spirit   .     (no helmet)
rElec  .         Reflect  .     (no cloak)
rCorr  .         Harm     .     (no gloves)
MR     .....     NoTele   +     (no boots)
Stlth  ++........               (no amulet)
                                (no ring)
                                h - ring of fire

@: no status effects
A: no striking features
a: Renounce Religion


You were in the Dungeon.
You worshipped Kikubaaqudgha.
Kikubaaqudgha was noncommittal.
You were not hungry.

You visited 1 branch You collected 308 gold pieces.

Inventory:

Armour
 a - a +0 robe (worn)
Jewellery
 h - a ring of fire (left hand)
Scrolls
 f - a scroll of acquirement {unknown}
 i - a scroll of blinking
Potions
 d - a potion of curing
 e - a potion of heal wounds
 g - 2 potions of magic
 j - a potion of might
Books
 b - a book of Necromancy

   Spells                             Type                      Level
   a - Pain                           Necromancy                   1
   b - Animate Skeleton               Necromancy                   1
   c - Vampiric Draining              Necromancy                   3
   d - Regeneration                   Charms/Necromancy            3
   e - Animate Dead                   Necromancy                   4
   f - Control Undead                 Necromancy                   4
Comestibles
 c - a bread ration


   Skills:
 - Level 2.4 Dodging
 - Level 2.4 Stealth
 - Level 3.0 Spellcasting
 * Level 15.4 Necromancy


You had 3 spell levels left.
You knew the following spells:

 Your Spells              Type           Power        Failure   Level  Hunger
a - Pain                  Necr           ####         1%          1    None
b - Animate Dead          Necr           N/A          1%          4    ####...
c - Vampiric Draining     Necr           ######....   1%          3    ###....


Dungeon Overview and Level Annotations

Branches:
Dungeon (1/1)

Altars:
Cheibriados
Dithmenos
Elyvilon
Fedhas
Gozag
Hepliaklqana
Kikubaaqudgha
Makhleb
Nemelex Xobeh
Okawaru
Qazlal
Ru
Sif Muna
Trog
Uskayaw
Vehumet
Xom
Yredelemnul
Zin
The Shining One
Jiyva
Lugonu

Shops:
D *


Message History

Casting: Pain
Confirm with . or Enter, or press ? or * to list all spells.
Aiming: Pain
Press: ? - help, Shift-Dir - straight line, f/p - slime creature
Aim: a slime creature (lightly wounded, chance to defeat MR: 71%)
The slime creature writhes in agony!
The slime creature closely misses you.
You hit the slime creature.
The slime creature is lightly wounded.
The slime creature hits you.
You hit the slime creature.
The slime creature is lightly wounded.
The slime creature hits you!!
Ouch! That really hurt!
* * * LOW HITPOINT WARNING * * *
You barely miss the slime creature.
The slime creature is lightly wounded.
The slime creature hits you!!
Ouch! That really hurt!
You die...
Kikubaaqudgha rasps: "You have failed me!
Welcome... death!"

################ ##
#<.#..'..#..'..#__#
#..[..#..').#.@J..+
#..#####'#####'#__#
#..####..#...#.# ##
#..#__####..##.#
#..#_____##'#..+
#⌠⌠#_.∩...)..._#
####_..__##_.#'#
#_____###+#.#
####### ###


You could see a slime creature.

Vanquished Creatures
  A yak (D)
  An ogre (D)
  Ijyb (D)
3 creatures vanquished.

Vanquished Creatures (collateral kills)
  Sigmund (D)
  A jelly (D)
2 creatures vanquished.

Grand Total: 5 creatures vanquished

Notes
Turn   | Place    | Note
-------+----------+-------------------------------------------
     0 | D        | Slime the Deep Elf Necromancer began the quest for the Orb.
     0 | D        | Reached XP level 1. HP: 10/10 MP: 6/6
     2 | D        | Noticed Ijyb
     8 | D        | Killed Ijyb
     8 | D        | Reached skill level 8 in Necromancy
     8 | D        | Reached XP level 2. HP: 7/15 MP: 0/8
   173 | D        | Noticed an ogre
   180 | D        | Killed an ogre
   180 | D        | Reached skill level 11 in Necromancy
   180 | D        | Reached XP level 3. HP: 11/19 MP: 6/9
   180 | D        | Reached XP level 4. HP: 15/24 MP: 6/10
   254 | D        | Learned a level 4 spell: Animate Dead
   258 | D        | Learned a level 3 spell: Vampiric Draining
   281 | D        | Noticed Sigmund
   287 | D        | Killed Sigmund
   287 | D        | Reached skill level 13 in Necromancy
   287 | D        | Reached XP level 5. HP: 19/28 MP: 9/11
   319 | D        | Found a deep blue altar of Sif Muna.
   321 | D        | Found a radiant altar of Vehumet.
   336 | D        | Found Noguk's General Store.
   336 | D        | Found an ancient bone altar of Kikubaaqudgha.
   336 | D        | Found a hazy altar of Hepliaklqana.
   336 | D        | Found a stormy altar of Qazlal.
   336 | D        | Found a hide-covered altar of Uskayaw.
   336 | D        | Found a blossoming altar of Fedhas.
   336 | D        | Found a bloodstained altar of Trog.
   336 | D        | Found an iron altar of Okawaru.
   336 | D        | Found a basalt altar of Yredelemnul.
   336 | D        | Found a glowing golden altar of the Shining One.
   336 | D        | Found a snail-covered altar of Cheibriados.
   336 | D        | Found a sacrificial altar of Ru.
   336 | D        | Found a glowing silver altar of Zin.
   336 | D        | Found a shadowy altar of Dithmenos.
   336 | D        | Found a white marble altar of Elyvilon.
   336 | D        | Noticed a yak
   337 | D        | Found an opulent altar of Gozag.
   348 | D        | Killed a yak
   348 | D        | Reached skill level 15 in Necromancy
   348 | D        | Reached XP level 6. HP: 14/32 MP: 3/12
   350 | D        | Found a sparkling altar of Nemelex Xobeh.
   356 | D        | Became a worshipper of Kikubaaqudgha
   488 | D        | Found a burning altar of Makhleb.
   488 | D        | Found a viscous altar of Jiyva.
   488 | D        | Found a shimmering altar of Xom.
   488 | D        | Found a corrupted altar of Lugonu.
   488 | D        | Noticed a slime creature
   497 | D        | Demolished by a slime creature

Skill      XL: |  1  2  3  4  5 |
---------------+----------------+-----
Necromancy     | 8 11 13 15 | 15.4
Dodging        | |  2.4
Stealth        | |  2.4
Spellcasting   | |  3.0

Action                   |  1- 3 |  4- 6 || total
-------------------------+-------+-------++-------
Melee: Unarmed           |     4 |     3 ||     7
 Cast: Pain              |     8 |    10 ||    18
       Animate Dead      |       |     1 ||     1
       Vampiric Draining |       |     2 ||     2
  Use: Potion            |     2 |       ||     2
Armor: Robe              |     1 |       ||     1
Dodge: Dodged            |     1 |     8 ||     9
